 Dungeon Crawl Stone Soup version 0.24-a0-725-gf1a930fc54 (webtiles) character file.

Game seed: 332075448491131668, levelgen mode: deterministic

22185 EtherCrawl the Slicer (level 12, -1/65 HPs)
             Began as a Vine Stalker Fighter on Oct 1, 2019.
             Was a High Priest of the Shining One.
             Killed from afar by a frost giant (8 damage)
             ... with a bolt of cold
             ... in an ice cave.
             The game lasted 00:26:27 (11996 turns).

EtherCrawl the Slicer (Vine Stalker Fighter)       Turns: 11996, Time: 00:26:28

Health: -1/65      AC: 20    Str: 24    XL:     12   Next: 97%
Magic:  0/20       EV:  5    Int:  8    God:    the Shining One [*****.]
Gold:   743        SH: 12    Dex: 14    Spells: 11/11 levels left

rFire    . . .     SeeInvis .   a - +0 rapier
rCold    + + .     Gourm    .   c - +0 shield
rNeg     + + .     Faith    .   S - +0 plate armour
rPois    .         Spirit   +   K - +0 helmet
rElec    .         Reflect  .   z - +1 cloak
rCorr    .         Harm     .   C - +2 pair of gloves
MR       +....                  (no boots)
Stlth    ..........             (no amulet)
HPRegen  1.00/turn              M - ring of protection from cold
MPRegen  0.17/turn              U - ring of protection from cold

@: glowing
A: fangs 3, regeneration 2, magic shield, antimagic bite, no potion heal 3, rot
immunity
a: Divine Shield, Cleansing Flame, Summon Divine Warrior, Renounce Religion


You were in an ice cave.
You worshipped the Shining One.
The Shining One was extremely pleased with you.
You were hungry.

You visited 3 branches of the dungeon, and saw 15 of its levels.
You also visited: Ossuary and Ice Cave.

You collected 743 gold pieces.

Inventory:

Hand Weapons
 a - a +0 rapier (weapon)
Missiles
 e - 62 poisoned darts (quivered)
 m - 240 arrows
 T - 2 throwing nets
Armour
 c - a +0 shield (worn)
 z - a +1 cloak (worn)
 C - a +2 pair of gloves (worn)
 K - a +0 helmet (worn)
 S - a +0 plate armour (worn)
Jewellery
 o - a +2 ring of evasion
 q - an uncursed ring of positive energy
 y - a +5 ring of strength
 I - an uncursed ring of poison resistance
 J - an uncursed ring of magical power
 M - a ring of protection from cold (left hand)
 U - a ring of protection from cold (right hand)
 X - an uncursed ring of stealth
Wands
 A - a wand of paralysis (5)
 E - a wand of iceblast (10)
 F - a wand of flame (34)
 L - a wand of digging (13)
 Q - a wand of disintegration (28)
 Y - a wand of acid (5)
Scrolls
 b - a scroll of enchant armour
 h - 4 scrolls of amnesia
 i - a scroll of silence {unknown}
 j - 5 scrolls of fog
 l - 11 scrolls of remove curse
 r - 12 scrolls of teleportation
 s - 5 scrolls of enchant weapon
 D - a scroll of magic mapping
 G - a scroll of random uselessness
 H - a scroll of vulnerability
 N - 3 scrolls of immolation
 P - a scroll of blinking {unknown}
 R - 2 scrolls of summoning
Potions
 d - 3 potions of might
 k - 4 potions of lignification
 n - 2 potions of agility {unknown}
 p - 5 potions of curing
 t - a potion of ambrosia
 u - 2 potions of cancellation
 v - 2 potions of invisibility
 w - a potion of flight
 x - 2 potions of haste {unknown}
 B - a potion of berserk rage
 O - a potion of brilliance {unknown}
 V - 2 potions of magic {unknown}
 W - 3 potions of resistance
Comestibles
 f - 22 rations
 g - 15 chunks of flesh


   Skills:
 + Level 8.4 Fighting
 * Level 11.2 Short Blades
 + Level 7.6 Armour
 + Level 8.4 Shields
 * Level 9.6 Invocations


You had 11 spell levels left.
You didn't know any spells.
Your spell library contained the following spells:

 Spells                   Type           Power        Failure   Level  Hunger
 Animate Skeleton         Necr           N/A          100%        1    ##.....
 Apportation              Tloc           #.....       100%        1    ##.....
 Confusing Touch          Hex            #.....       100%        1    ##.....
 Summon Small Mammal      Summ           #...         100%        1    ##.....


Dungeon Overview and Level Annotations

Branches:
Dungeon (11/15)            Temple (1/1) D:6            Lair (3/6) D:9
  Swamp (0/4) Lair:3          Orc (0/2) D:11        Ossuary (visited)
  IceCv (1/1)
  Snake: Lair:2-4    Spider: Lair:2-4

Altars:
Ashenzari
Cheibriados
Dithmenos
Elyvilon
Fedhas
Gozag
Hepliaklqana
Kikubaaqudgha
Makhleb
Nemelex Xobeh
Okawaru
Qazlal
Ru
Sif Muna
Trog
Uskayaw
Vehumet
Wu Jian
Xom
Yredelemnul
Zin
The Shining One

Shops:
D:7 (


Innate Abilities, Weirdness & Mutations

You have razor-sharp teeth.
You heal very quickly.
When hurt, damage is shared between your health and your magic reserves.
Your bite disrupts and absorbs the magic of your enemies.
Potions cannot restore your health.
You are immune to rotting.


Message History

The polar bear claws your daeva.
Your daeva blocks the polar bear's attack.
Some of the chunks of flesh in your inventory have rotted away.
The polar bear bites your daeva! The polar bear claws your daeva.
The polar bear claws your daeva but does no damage.
Your daeva hits the polar bear with a +5 scimitar of holy wrath!
The polar bear dies!
You hit the frost giant but do no damage.
The frost giant is lightly wounded.
You block the frost giant's attack.
The frost giant barely misses your daeva.
Your daeva blocks the yak's attack.
Unknown command.
Your daeva calls down the wrath of the Shining One upon the frost giant.
The frost giant is smitten.
Your daeva blocks the yak's attack.
Your daeva calls down the wrath of the Shining One upon the frost giant.
The frost giant is smitten.
The frost giant points at you and mumbles some strange words.
The bolt of cold hits you! You resist.
You die...

##...# # #..###
### ≈≈≈≈# ##...##
#.. ≈#≈#≈≈##
###..# ##.
≈≈≈≈≈≈≈####..## ##
≈≈≈≈≈≈≈≈≈###..##
#≈≈#≈≈≈≈ ###..#
#####≈≈≈####≈≈.##
###C.@##≈≈≈#≈≈####
# ##AY##..≈#≈≈≈≈##
h#
#Y.#####.≈≈#≈≈≈###


hh# ########..# #######≈≈≈# h..##h..##.hY#..# ##≈≈≈≈≈≈≈ #Yh.##.h.####### #######
########## You could see a frost giant, 2 yaks and a friendly daeva.

Vanquished Creatures
  Fannar (D:11)
  A hydra (Lair:2)
  A queen ant (Lair:3)
  3 two-headed ogres
  A death yak (IceCv)
  A manticore (D:11)
  Maurice (D:8)
  A black mamba (Lair:1)
  A gargoyle (D:9)
  2 komodo dragons
  A rime drake (Lair:3)
  2 trolls (D:11)
  14 polar bears (IceCv)
  Grinder (D:3)
  The ghost of Electrofox the Stinger, an amateur DrVM (D:5)
  4 hippogriffs
  11 yaks (IceCv)
  2 wraiths
  5 vampire mosquitoes (Lair:3)
  2 basilisks (Lair:2)
  2 wargs (D:8)
  4 porcupines (Lair:2)
  A water moccasin (Lair:2)
  10 orc warriors
  A phantom (D:6)
  2 sky beasts
  13 ogres
  An ice beast (D:5)
  4 black bears
  4 centaurs
  15 wolves
  5 crocodiles
  Blork the orc (D:6)
  4 bullfrogs
  A big kobold (D:11)
  A wyvern zombie (D:11)
  4 gnoll sergeants
  4 scorpions
  An electric eel (Lair:3)
  7 crimson imps
  A quasit (D:11)
  Crazy Yiuf (D:2)
  2 jellies
  2 centaur skeletons
  10 orc priests
  2 bullfrog skeletons
  6 hounds
  A human zombie (Ossuary)
  3 iguanas
  7 orc wizards
  6 worker ants
  A hound skeleton (D:10)
  3 mummies (Ossuary)
  2 howler monkey skeletons
  A worker ant zombie (D:8)
  19 gnolls
  12 adders
  7 white imps (Lair:3)
  2 adder zombies
  2 worms
  3 dart slugs
  4 leopard geckos
  49 orcs
  A ball python (D:1)
  7 giant cockroaches
  A gnoll zombie (Ossuary)
  5 goblins
  3 hobgoblins (D:3)
  11 jackals
  3 kobolds
  4 quokkas
  6 bats
  5 frilled lizards
  3 goblin zombies (Ossuary)
  A hobgoblin zombie (Ossuary)
  A kobold zombie (Ossuary)
  A leopard gecko skeleton (D:6)
  A quokka zombie (D:6)
  10 rats
350 creatures vanquished.

Vanquished Creatures (collateral kills)
  A polar bear (IceCv)
1 creature vanquished.

Vanquished Creatures (others)
  A polar bear (IceCv)
  12 plants (Lair:3)
13 creatures vanquished.

Grand Total: 364 creatures vanquished

Notes
Turn   | Place    | Note
-------+----------+-------------------------------------------
     0 | D:1      | EtherCrawl the Vine Stalker Fighter began the quest for the
                  | Orb.
     0 | D:1      | Reached XP level 1. HP: 11/11 MP: 2/2
   162 | D:1      | Reached skill level 2 in Short Blades
   267 | D:1      | Reached XP level 2. HP: 16/16 MP: 3/3
   542 | D:1      | Reached XP level 3. HP: 16/19 MP: 4/4
  1044 | D:2      | HP: 1/20 [poisoned by an adder]
  1414 | D:2      | Found a glowing golden altar of the Shining One.
  1467 | D:2      | Gained mutation: Your natural rate of healing is unusually
                  | fast. [Vine Stalker growth]
  1467 | D:2      | Reached XP level 4. HP: 24/24 MP: 5/5
  1869 | D:2      | Found a runed translucent door.
  1870 | D:2      | Noticed Crazy Yiuf
  1881 | D:2      | Killed Crazy Yiuf
  1881 | D:2      | Reached skill level 3 in Short Blades
  1952 | D:2      | Became a worshipper of the Shining One
  2092 | D:3      | Found a white marble altar of Elyvilon.
  2166 | D:3      | Reached XP level 5. HP: 28/28 MP: 6/6
  2186 | D:3      | Noticed Grinder
  2222 | D:3      | Killed Grinder
  2222 | D:3      | Reached skill level 4 in Short Blades
  2222 | D:3      | Reached XP level 6. HP: 27/33 MP: 5/7
  2248 | D:3      | Found a blossoming altar of Fedhas.
  2355 | D:3      | You fall into a shaft and drop 3 floors!
  2372 | D:6      | Noticed Blork the orc
  2377 | D:5      | Entered Level 5 of the Dungeon
  2444 | D:5      | Reached XP level 7. HP: 8/37 MP: 5/8
  2552 | D:5      | Found a sand-covered staircase.
  2702 | D:5      | Reached * piety under the Shining One
  2718 | Ossuary  | Entered an ossuary
  2718 | Ossuary  | Noticed a wraith
  2718 | Ossuary  | Noticed a wraith
  2718 | Ossuary  | Noticed a wraith
  2927 | Ossuary  | Noticed a wraith
  2946 | Ossuary  | Killed a wraith
  2946 | Ossuary  | Reached skill level 5 in Short Blades
  3086 | Ossuary  | Reached ** piety under the Shining One
  3291 | D:4      | Gained mutation: You have razor-sharp teeth. [Vine Stalker
                  | growth]
  3291 | D:4      | Reached XP level 8. HP: 42/42 MP: 9/9
  3668 | D:4      | Found a snail-covered altar of Cheibriados.
  4038 | D:5      | Found a runed translucent door.
  4041 | D:5      | Noticed Electrofox's ghost (amateur DrVM)
  4170 | D:5      | Killed Electrofox's ghost
  4170 | D:5      | Reached skill level 5 in Fighting
  4170 | D:5      | Reached skill level 6 in Short Blades
  4170 | D:5      | Reached skill level 5 in Shields
  4328 | D:6      | Killed Blork the orc
  4348 | D:6      | Reached skill level 1 in Invocations
  4371 | D:6      | Reached XP level 9. HP: 38/47 MP: 9/11
  4600 | D:6      | Found a staircase to the Ecumenical Temple.
  4917 | Temple   | Entered the Ecumenical Temple
  5303 | D:7      | Reached skill level 7 in Short Blades
  5642 | D:7      | Reached skill level 5 in Armour
  5752 | D:7      | Found Cezifiz's Weapon Shoppe.
  6109 | D:8      | Found a bloodstained altar of Trog.
  6127 | D:8      | Found an ornate altar of the Wu Jian Council.
  6252 | D:8      | Found a burning altar of Makhleb.
  6306 | D:8      | Noticed Maurice
  6315 | D:8      | Killed Maurice
  6334 | D:8      | Found an iron altar of Okawaru.
  6394 | D:8      | Reached XP level 10. HP: 53/53 MP: 13/13
  6659 | D:8      | Reached skill level 8 in Short Blades
  6797 | D:8      | Reached *** piety under the Shining One
  6827 | D:9      | Found a staircase to the Lair.
  6912 | D:9      | Noticed a two-headed ogre
  6924 | D:9      | Killed a two-headed ogre
  7000 | D:9      | Found a stormy altar of Qazlal.
  7000 | D:9      | Found a shimmering blue altar of Sif Muna.
  7004 | D:9      | Found a hazy altar of Hepliaklqana.
  7004 | D:9      | Found a shimmering altar of Xom.
  7131 | D:9      | Reached skill level 5 in Invocations
  7145 | D:9      | Noticed a gargoyle
  7154 | D:9      | Killed a gargoyle
  7171 | D:9      | Found an ancient bone altar of Kikubaaqudgha.
  7232 | D:9      | Noticed a two-headed ogre
  7241 | D:9      | Killed a two-headed ogre
  7761 | D:10     | Entered Level 10 of the Dungeon
  7775 | D:10     | Reached skill level 9 in Short Blades
  7829 | D:10     | Noticed a two-headed ogre
  7872 | D:10     | Killed a two-headed ogre
  7872 | D:10     | Reached XP level 11. HP: 50/58 MP: 16/16
  8690 | D:11     | Reached **** piety under the Shining One
  8824 | D:11     | Found a staircase to the Orcish Mines.
  9486 | D:11     | Noticed a manticore
  9496 | D:11     | Killed a manticore
  9583 | D:11     | Noticed Fannar
  9616 | D:11     | Killed Fannar
  9739 | Lair:1   | Entered Level 1 of the Lair of Beasts
  9839 | Lair:1   | Reached skill level 10 in Short Blades
 10443 | Lair:2   | Noticed a five-headed hydra
 10454 | Lair:2   | Killed a five-headed hydra
 10454 | Lair:2   | Gained mutation: You heal very quickly. [Vine Stalker
                  | growth]
 10454 | Lair:2   | Reached XP level 12. HP: 49/63 MP: 15/19
 11135 | Lair:3   | Noticed a queen ant
 11246 | Lair:3   | Killed a queen ant
 11320 | Lair:3   | Reached ***** piety under the Shining One
 11321 | Lair:3   | Found a frozen archway.
 11344 | IceCv    | Entered an ice cave
 11814 | IceCv    | Reached skill level 11 in Short Blades
 11913 | IceCv    | Noticed a frost giant
 11913 | IceCv    | Noticed a death yak
 11946 | IceCv    | Killed a death yak
 11996 | IceCv    | Killed from afar by a frost giant

Levels and vault maps discovered:
D:1:      evilmike_arrival_run_for_it, layout_loops_ring, chequers_avenue
D:2:      layout_loops_cross, nicolae_tso_swordbearing_angel,
          uniq_crazy_yiuf_cottage
D:3:      layout_rooms, lemuel_doored_altar, lemuel_coloured_pillars_altar,
          uniq_grinder
D:4:      layout_cave_pools, kennysheep_slug_shrine, first_ration,
          minmay_misc_feat_columns
D:5:      layout_rooms, serial_corexii_hall, chequers_hall_statues_wall_a,
          chequers_hall_statues_wall_a, nicolae_ossuary_entry_false_entrances,
          ebering_ghost_reflecting_pool
D:6:      layout_cave_pools, minmay_temple_entry_fiery, corner_web_ring,
          uniq_blork_the_orc
D:7:      layout_basic, serial_shops, nicolae_shop_behind_doors,
          serial_corexii_hall, chequers_hall_statues_wall_a,
          corexii_hall_statues_deadend
D:8:      layout_cave_pools, nicolae_overflow_crystal_walls,
          lemuel_crystal_altar, lemuel_crystal_altar, basic_altar, uniq_maurice
D:9:      layout_gridville, kiku_gazebo_garden_becter,
          grunt_temple_overflow_open, erik_lair_orcish_takeover, serial_rivers,
          chequers_serial_rivers_small_b, chequers_serial_rivers_small_3,
          chequers_serial_rivers_micro_e, chequers_serial_rivers_small_3,
          chequers_serial_rivers_micro_c, chequers_serial_rivers_micro_c,
          grunt_ogre_cave
D:10:     layout_roguey
D:11:     layout_loops_ring, kennysheep_orc_monster_closet_entryway,
          special_room [special_room_orc], serial_rivers,
          chequers_serial_rivers_large_a, chequers_serial_rivers_room_a,
          chequers_serial_rivers_micro_b, chequers_serial_rivers_room_b,
          chequers_serial_rivers_small_3, minivault_19,
          kennysheep_generic_room_14, uniq_fannar
Temple:   jpeg_temple_alley_garden
Lair:1:   layout_regular_city, beast_lair_carwin_11
Lair:2:   layout_gridlike
Lair:3:   layout_gridlike, minmay_swamp_entry_swarm, portal_ice_cave_entry_imps,
          wad_woods_antlair, infiniplex_staircase_pool,
          minmay_lair_oklob_chamber
IceCv:    ice_cave_caverns_03

Skill      XL: |  1  2  3  4  5  6  7  8  9 10 11 12 |
---------------+-------------------------------------+-----
Short Blades   | 2 3 4 5 6 7 9 10 11 | 11.2
Fighting       | 3 4 5 6 7 8 |  8.4
Shields        | 3 4 5 6 7 8 |  8.4
Armour         | 3 4 5 6 7 |  7.6
Invocations    | 1 3 6 8 9 |  9.6

Action                   |  1- 3 |  4- 6 |  7- 9 | 10-12 || total
-------------------------+-------+-------+-------+-------++-------
Melee: Rapier            |    69 |    88 |   300 |  1020 ||  1477
       Bite              |    21 |    24 |   118 |   443 ||   606
       Unarmed           |       |    16 |       |       ||    16
Invok: Divine Shield     |       |       |     1 |     2 ||     3
       Summon Divine War |       |       |       |     1 ||     1
  Use: Potion            |     2 |       |       |     2 ||     4
       Scroll            |       |       |    16 |    10 ||    26
  Eat: Chunk             |     2 |     3 |     6 |    19 ||    30
       Ration            |       |       |     2 |       ||     2
Armor: Scale mail        |    16 |    55 |    83 |    68 ||   222
       Plate armour      |       |       |       |   410 ||   410
Dodge: Dodged            |    16 |    33 |    91 |   201 ||   341
Block: Shield            |    30 |    37 |   160 |   592 ||   819

Table legend:
 A = Non-vault XP
 B = Vault XP
 C = Vault XP percentage of total XP
 D = Non-vault monster count
 E = Vault monster count
 F = Vault count percentage of total count
                 A         B        C        D         E       F
            +---------+---------+-------+---------+---------+-------
      Total |   13822 |   17872 |  56.4 |     218 |     134 |  38.1
            +---------+---------+-------+---------+---------+-------
        D:1 |      30 |       5 |  14.3 |      18 |       1 |   5.3
        D:2 |      68 |      42 |  38.2 |      12 |       1 |   7.7
        D:3 |      43 |     290 |  87.1 |      18 |       1 |   5.3
        D:4 |     249 |       4 |   1.6 |      13 |       1 |   7.1
        D:5 |     642 |     271 |  29.7 |      21 |       1 |   4.5
        D:6 |     858 |     100 |  10.4 |      18 |       1 |   5.3
        D:7 |     199 |       0 |   0.0 |       7 |       0 |   0.0
        D:8 |    1146 |     908 |  44.2 |      23 |       7 |  23.3
        D:9 |    2492 |    1121 |  31.0 |      23 |       5 |  17.9
       D:10 |    2131 |       0 |   0.0 |      28 |       0 |   0.0
       D:11 |    1664 |    3261 |  66.2 |      17 |      46 |  73.0
     Lair:1 |     575 |     614 |  51.6 |       2 |       3 |  60.0
     Lair:2 |    3010 |       0 |   0.0 |      13 |       0 |   0.0
     Lair:3 |     715 |    2055 |  74.2 |       5 |      15 |  75.0
    Ossuary |       0 |     306 | 100.0 |       0 |      11 | 100.0
      IceCv |       0 |    8895 | 100.0 |       0 |      41 | 100.0
            +---------+---------+-------+---------+---------+-------
